 Dungeon Crawl Stone Soup version 0.23-a0-375-g66a18ee0fb (webtiles) character file.

53 LostNumber the Sneak (level 4, 0/27 HPs)
             Began as a Kobold Assassin on Oct 25, 2018.
             Slain by a river rat (3 damage)
             ... in a sewer on Oct 26, 2018.
             The game lasted 00:04:43 (1982 turns).

LostNumber the Sneak (Kobold Assassin)              Turns: 1982, Time: 00:04:44

Health: 0/27       AC:  3    Str:  9    XL:     4   Next: 10%
Magic:  4/4        EV: 19    Int: 17    God:
Gold:   92         SH:  0    Dex: 21    Spells: 3/3 levels left

rFire    . . .     SeeInvis .   b - +0 blowgun
rCold    . . .     Gourm    .   (shield restricted)
rNeg     . . .     Faith    .   c - +0 robe
rPois    .         Spirit   .   (no helmet)
rElec    .         Reflect  .   d - +0 cloak
rCorr    .         Harm     .   (no gloves)
MR       .....                  (no boots)
Stlth    +++++.....             s - amulet of magic regeneration
HPRegen  0.09/turn              (no ring)
MPRegen  0.34/turn              (no ring)

@: brilliant, agile, very slightly contaminated
A: small, carnivore
a: no special abilities


You were in a sewer.
You were very full.

You visited 1 branch of the dungeon, and saw 3 of its levels.
You also visited: Sewer.

You collected 92 gold pieces.

Inventory:

Hand Weapons
 a - a +3 dagger
 b - a +0 blowgun (weapon)
Missiles
 e - 3 poisoned needles (quivered)
 f - 2 curare-tipped needles
Armour
 c - a +0 robe (worn)
 d - a +0 cloak (worn)
Jewellery
 m - an uncursed amulet of harm {unknown}
 p - an uncursed ring of flight {unknown}
 s - an amulet of magic regeneration (around neck)
Wands
 l - a wand of random effects (29)
Scrolls
 j - a scroll of random uselessness
 q - a scroll of enchant armour {unknown}
Comestibles
 g - 5 rations


   Skills:
 + Level 2.8 Fighting
 * Level 4.3 Short Blades
 - Level 2.1 Throwing
 - Level 1.2 Dodging
 + Level 5.8 Stealth
 + Level 0.6 Evocations


You had 3 spell levels left.
You didn't know any spells.
Your spell library was empty.

Dungeon Overview and Level Annotations

Branches:
Dungeon (3/15)

Altars:


Innate Abilities, Weirdness & Mutations

You are small and have problems with some larger weapons.
You are carnivorous and can eat meat at any time.


Message History

Press: ? - help, Shift-Dir - straight line, f/p - river rat
Aim: a river rat You shoot a poisoned needle.
The poisoned needle hits the river rat.
The river rat looks even sicker.
The river rat is heavily wounded.
The river rat completely misses you.
Firing (i - inventory. (/) - cycle)
e - 5 poisoned needles (quivered)
Press: ? - help, Shift-Dir - straight line, f/p - river rat
Aim: a river rat You shoot a poisoned needle.
The poisoned needle hits the river rat.
The river rat looks as sick as possible!
The river rat is heavily wounded.
Firing (i - inventory. (/) - cycle)
e - 4 poisoned needles (quivered)
Press: ? - help, Shift-Dir - straight line, f/p - river rat
Aim: a river rat You shoot a poisoned needle.
The poisoned needle hits the river rat.
The river rat looks as sick as possible!
The river rat is heavily wounded.
The river rat bites you.
You die... ############### #@rrr∩.∩......≈ ###############

You could see 2 river rats and a rat.

Vanquished Creatures
  A river rat (Sewer)
  A worm (D:2)
  A leopard gecko (D:1)
  A giant cockroach (D:2)
  2 hobgoblins
  4 jackals
  7 kobolds
  6 bats
  2 frilled lizards (D:1)
  6 goblins
  9 rats
40 creatures vanquished.

Notes
Turn   | Place    | Note
-------+----------+-------------------------------------------
     0 | D:1      | LostNumber the Kobold Assassin began the quest for the Orb.
     0 | D:1      | Reached XP level 1. HP: 12/12 MP: 1/1
     0 | D:1      | Upgraded the game from 0.23-a0-372-g5ce4c07210 to
                  | 0.23-a0-375-g66a18ee0fb
   254 | D:1      | Reached XP level 2. HP: 18/18 MP: 2/2
   714 | D:1      | Reached XP level 3. HP: 22/22 MP: 3/3
  1946 | D:3      | Found a glowing drain.
  1951 | Sewer    | Entered a sewer
  1976 | Sewer    | Reached XP level 4. HP: 3/27 MP: 4/4
  1982 | Sewer    | Slain by a river rat

Vault maps used:
D:1:      dpeg_arrival_round_c
D:2:      minmay_statues_item, kennysheep_pointless_box
D:3:      bloody_trog, portal_sewer_entry_e, first_ration
Sewer:    sewer_kobolds

Skill      XL: |  1  2  3 |
---------------+----------+-----
Short Blades   | 3 4 |  4.3
Fighting       | |  2.8
Throwing       | |  2.1
Dodging        | |  1.2
Stealth        | |  5.8
Evocations     | |  0.6

Action                   |  1- 3 |  4- 6 || total
-------------------------+-------+-------++-------
Melee: Dagger            |   139 |       ||   139
 Fire: Blowgun           |       |     5 ||     5
  Use: Potion            |     4 |       ||     4
       Scroll            |     3 |       ||     3
 Stab: Sleeping          |     8 |       ||     8
  Eat: Chunk             |    11 |       ||    11
Armor: Robe              |    23 |       ||    23
Dodge: Dodged            |    89 |     3 ||    92

Table legend:
 A = Non-vault XP
 B = Vault XP
 C = Vault XP percentage of total XP
 D = Non-vault monster count
 E = Vault monster count
 F = Vault count percentage of total count
                 A         B        C        D         E       F
            +---------+---------+-------+---------+---------+-------
      Total |      63 |      13 |  17.1 |      39 |       1 |   2.5
            +---------+---------+-------+---------+---------+-------
        D:1 |      32 |       0 |   0.0 |      21 |       0 |   0.0
        D:2 |      23 |       0 |   0.0 |      12 |       0 |   0.0
        D:3 |       8 |       0 |   0.0 |       6 |       0 |   0.0
      Sewer |       0 |      13 | 100.0 |       0 |       1 | 100.0
            +---------+---------+-------+---------+---------+-------
